 Dungeon Crawl Stone Soup version 0.29.0-4-gdea44cf6ec (webtiles) character file.

Game seed: 943165197639141319

5664 qw the Severer (level 10, -5/91 HPs)
             Began as a Minotaur Berserker on Sept 5, 2022.
             Was an Elder of Trog.
             Slain by a yak (9 damage)
             ... on level 9 of the Dungeon.
             The game lasted 00:03:13 (10445 turns).

qw the Severer (Minotaur Berserker)                Turns: 10445, Time: 00:03:14

Health: -5/91      AC: 13    Str: 26    XL:     10   Next: 47%
Magic:  9/9        EV:  8    Int:  4    God:    Trog [****..]
Gold:   475        SH:  0    Dex: 10    Spells: 9/9 levels left

rFire   . . .      SeeInvis .   Y - +0 war axe
rCold   . . .      Faith    .   (no shield)
rNeg    . . .      Spirit   .   t - +0 plate armour
rPois   +          Reflect  .   (helmet restricted)
rElec   .          Harm     .   (no cloak)
rCorr   .          Rampage  .   (no gloves)
Will    .....                   (no boots)
Stlth   ..........              (no amulet)
HPRegen 0.25/turn               f - ring of poison resistance
MPRegen 0.11/turn               (no ring)

@: about to teleport, on berserk cooldown, slowed, very slow
A: horns 2, retaliatory headbutt
a: Renounce Religion, Berserk, Trog's Hand, Brothers in Arms


You were on level 9 of the Dungeon.
You worshipped Trog.
Trog was greatly pleased with you.
You visited 1 branch of the dungeon, and saw 9 of its levels.

You collected 475 gold pieces.


Innate Abilities, Weirdness & Mutations

You have a pair of horns on your head.
You reflexively headbutt those who attack you in melee.


   Skills:
 - Level 9.1 Fighting
 + Level 15.1 Axes
 - Level 2.0 Throwing
 - Level 7.2 Armour
 - Level 3.0 Dodging


You had 9 spell levels left.
You didn't know any spells.
Your spell library was empty.

Inventory:

Hand Weapons
 s - a +2 flail of protection
 Y - a +0 war axe (weapon)
Missiles
 n - 5 silver boomerangs (quivered)
 r - a boomerang
Armour
 t - a +0 plate armour (worn)
Jewellery
 f - a ring of poison resistance (left hand)
Scrolls
 d - a scroll of acquirement {unknown}
 h - 2 scrolls of identify
 l - 3 scrolls of teleportation
Potions
 a - 3 potions of mutation
 b - 6 potions of curing
 c - 2 potions of haste
 e - a potion of cancellation {unknown}
 g - a potion of invisibility {unknown}
 i - a potion of degeneration {unknown}
 k - a potion of flight {unknown}
 o - a potion of berserk rage {unknown}
 p - a potion of resistance {unknown}

Dungeon Overview and Level Annotations

Branches:
Dungeon (9/15)             Temple (0/1) D:5
   Lair: D:8-11         Orc: D:9-12

Altars:
Cheibriados
Elyvilon
Fedhas
Makhleb
Uskayaw
Vehumet

Shops:
D:2 =

Annotations:
D:4 1 runed translucent door, qw's ghost, amateur GrBe
D:6 2 transporters


Message History

The water moccasin is lightly wounded.
You hit something but do no damage.
The water moccasin bites you but does no damage.
Something hits you but does no damage. The water moccasin closely misses you.
You furiously retaliate!
You headbutt the water moccasin! You barely miss the water moccasin.
Your headbutt misses the water moccasin.
The water moccasin is moderately wounded.
You closely miss something.
The water moccasin bites you but does no damage.
Something hits you but does no damage.
You slash the water moccasin!
Your headbutt misses the water moccasin.
The water moccasin is severely wounded.
You hit something. Trog accepts your kill.
Trog appreciates your killing of a magic user.
Reactivating autopickup.
You feel a bit more experienced. The water moccasin bites you.
The water moccasin bites you but does no damage.
You slice the water moccasin!!
You kill the water moccasin!
Trog accepts your kill.
You hit the yak. You slash the yak! The yak gores you.
The yak gores you but does no damage.
You hit the yak.
The yak is moderately wounded.
You closely miss the yak. The yak gores you. The yak barely misses you.
You barely miss the yak. Your headbutt misses the yak.
The yak is moderately wounded.
You hit the yak. x2
The yak gores you. The yak gores you! x2
10445 ||| READING 4 scrolls of teleportation.
As you read the scroll of teleportation, it crumbles to dust.
You feel strangely unstable. The yak gores you. The yak barely misses you.
You furiously retaliate!
You headbutt the yak! The yak gores you but does no damage. The yak gores you!
You die...

..........# #######'###
.. ###.# ....###...#
~~~.....#####
~~~.........#
~~~.....###)#
~.~~~~~.....###'##
~.......##.....Y@#
...~~~~.##.....YY#
~~.~~~~.##......)#
~~.~~~~...........
~~.~~~~.##.........
~~.%~~~.#####.......
.....%..# #7.......
#.).%.g##### .........
......g.g........7.P.Y.


You could see 3 yaks.

Vanquished Creatures
  A cyclops (D:8)
  Psyche (D:8)
  Sigmund (D:5)
  4 yaks
  5 wyverns (D:9)
  Edmund (D:5)
  2 water moccasins (D:9)
  5 orc warriors
  A sky beast (D:6)
  2 black bears
  2 ogres
  A centaur (D:6)
  2 phantoms
  3 kobold brigands
  3 bullfrogs
  3 scorpions
  A necrophage (D:6)
  3 wights (D:8)
  6 killer bees
  An electric eel (D:9)
  2 jellies
  A hound (D:5)
  3 gnoll boudas
  3 orc priests
  Jessica (D:3)
  5 iguanas
  8 orc wizards
  A statue (D:5)
  17 gnolls
  7 adders
  2 shadow imps
  A white imp (D:6)
  An ufetubus (D:5)
  3 dart slugs
  33 orcs
  7 endoplasms
  4 giant cockroaches
  2 goblins
  6 hobgoblins
  3 jackals (D:4)
  4 quokkas
  9 ball pythons
  5 bats
  4 frilled lizards
  23 kobolds
  5 rats
208 creatures vanquished.

Vanquished Creatures (others)
  A bush (D:9)
  2 demonic plants (D:8)
  4 fungi (D:9)
  18 plants (D:9)
25 creatures vanquished.

Grand Total: 233 creatures vanquished

Notes
Turn   | Place    | Note
-------+----------+-------------------------------------------
     0 | D:1      | qw the Minotaur Berserker began the quest for the Orb.
     0 | D:1      | Reached XP level 1. HP: 19/19 MP: 0/0
     0 | D:1      | 0 ||| qw: Version: 0.1-a-104-g96f76f8
     0 | D:1      | 0 ||| qw: Game counter: 6023
     0 | D:1      | 0 ||| qw: Always use a shield: true
     0 | D:1      | 0 ||| qw: Do Orc after D:15 true
     0 | D:1      | 0 ||| qw: Do second Lair branch before Depths: true
     0 | D:1      | 0 ||| qw: Lair rune preference: random
     0 | D:1      | 0 ||| qw: Plans: Normal
     0 | D:1      | 0 ||| PLANNING D:1-11
    86 | D:1      | Reached skill level 4 in Axes
    86 | D:1      | Found a faded altar of an unknown god.
   170 | D:1      | Reached XP level 2. HP: 22/26 MP: 1/1
   698 | D:1      | 698 ||| Stepping ~*~*~tactically~*~*~ (hiding).
   863 | D:1      | 863 ||| Stepping ~*~*~tactically~*~*~ (stealth).
   865 | D:1      | 865 ||| Stepping ~*~*~tactically~*~*~ (stealth).
   866 | D:1      | 866 ||| Stepping ~*~*~tactically~*~*~ (stealth).
   868 | D:1      | 868 ||| Stepping ~*~*~tactically~*~*~ (stealth).
   951 | D:1      | Reached skill level 5 in Axes
  1039 | D:1      | 1039 ||| UPGRADING to +0 scale mail.
  1049 | D:1      | 1049 ||| DROPPING +0 animal skin.
  1050 | D:1      | 1050 ||| DROPPING orb of guile.
  1051 | D:1      | 1051 ||| READING scroll labelled NICINU BEUZ.
  1090 | D:2      | Reached ** piety under Trog
  1095 | D:2      | 1095 ||| DROPPING +0 whip.
  1142 | D:2      | 1142 ||| Stepping ~*~*~tactically~*~*~ (stealth).
  1166 | D:2      | Reached XP level 3. HP: 31/31 MP: 2/2
  1170 | D:2      | Found a snail-covered altar of Cheibriados.
  1336 | D:2      | 1336 ||| Stepping ~*~*~tactically~*~*~ (hiding).
  1649 | D:2      | 1649 ||| Stepping ~*~*~tactically~*~*~ (stealth).
  1679 | D:2      | Found Kapuq's Jewellery Boutique.
  1777 | D:2      | 1777 ||| SHOPLISTING amulet of reflection (360 gold, have
                  | 114).
  1777 | D:2      | 1777 ||| SHOPLISTING amulet of regeneration (360 gold, have
                  | 114).
  1777 | D:2      | 1777 ||| SHOPLISTING ring of resist corrosion (240 gold,
                  | have 114).
  1777 | D:2      | 1777 ||| SHOPLISTING ring of see invisible (180 gold, have
                  | 114).
  1959 | D:2      | 1959 ||| DRINKING 2 fizzy ruby potions.
  1960 | D:2      | 1960 ||| DRINKING 2 golden potions.
  2013 | D:3      | Noticed Jessica
  2019 | D:3      | Killed Jessica
  2020 | D:3      | Reached skill level 6 in Axes
  2020 | D:3      | Reached XP level 4. HP: 38/39 MP: 3/3
  2056 | D:3      | 2056 ||| Stepping ~*~*~tactically~*~*~ (stealth).
  2193 | D:3      | 2193 ||| INVOKING Berserk.
  2316 | D:3      | 2316 ||| Stepping ~*~*~tactically~*~*~ (hiding).
  2318 | D:3      | 2318 ||| Stepping ~*~*~tactically~*~*~ (hiding).
  2320 | D:3      | 2320 ||| Stepping ~*~*~tactically~*~*~ (hiding).
  2321 | D:3      | 2321 ||| INVOKING Berserk.
  2328 | D:3      | Reached skill level 7 in Axes
  2328 | D:3      | Reached XP level 5. HP: 45/45 MP: 4/4
  2799 | D:3      | 2799 ||| READING scroll labelled DONOGI NOI.
  2834 | D:4      | Noticed a black bear
  2835 | D:4      | 2835 ||| INVOKING Berserk.
  2839 | D:4      | Killed a black bear
  2906 | D:4      | Noticed an ogre
  2912 | D:4      | 2912 ||| INVOKING Berserk.
  2915 | D:4      | Killed an ogre
  2916 | D:4      | Reached XP level 6. HP: 56/56 MP: 5/5
  3033 | D:4      | 3033 ||| Stepping ~*~*~tactically~*~*~ (stealth).
  3035 | D:4      | 3035 ||| INVOKING Berserk.
  3090 | D:4      | 3090 ||| FLEEEEING.
  3093 | D:4      | 3093 ||| Stepping ~*~*~tactically~*~*~ (stealth).
  3371 | D:4      | 3371 ||| INVOKING Berserk.
  3374 | D:4      | Reached skill level 8 in Axes
  3518 | D:4      | Found a blossoming altar of Fedhas.
  3762 | D:4      | 3762 ||| INVOKING Berserk.
  3891 | D:4      | Found a runed translucent door.
  3894 | D:4      | Noticed qw's ghost (amateur GrBe)
  4077 | D:4      | 4077 ||| UPGRADING to ring of poison resistance.
  4078 | D:4      | 4078 ||| READING scroll labelled YTOGIO VIOG.
  4079 | D:4      | 4079 ||| READING scroll labelled EBYIRIU YVIDUG.
  4180 | D:4      | 4180 ||| READING 2 scrolls labelled UGRAIH POPAER.
  4194 | D:4      | Noticed a hornet
  4200 | D:4      | 4200 ||| READING scroll labelled SEIR REVUMIO.
  4201 | D:4      | 4201 ||| DRINKING 2 bubbling pink potions.
  4302 | D:4      | 4302 ||| DROPPING potion of ambrosia.
  4328 | D:5      | Entered Level 5 of the Dungeon
  4354 | D:5      | Noticed Edmund
  4359 | D:5      | 4359 ||| INVOKING Berserk.
  4366 | D:5      | Killed Edmund
  4367 | D:5      | Reached skill level 9 in Axes
  4367 | D:5      | Reached XP level 7. HP: 61/61 MP: 6/6
  4472 | D:5      | 4472 ||| DROPPING +0 flail.
  4493 | D:5      | Noticed Sigmund
  4494 | D:5      | 4494 ||| INVOKING Berserk.
  4498 | D:5      | Killed Sigmund
  4499 | D:5      | Reached skill level 10 in Axes
  4533 | D:5      | 4533 ||| Stepping ~*~*~tactically~*~*~ (stealth).
  4543 | D:5      | 4543 ||| Stepping ~*~*~tactically~*~*~ (hiding).
  4731 | D:5      | Found a staircase to the Ecumenical Temple.
  4763 | D:5      | 4763 ||| Stepping ~*~*~tactically~*~*~ (stealth).
  4768 | D:5      | 4768 ||| INVOKING Berserk.
  4773 | D:5      | Reached skill level 6 in Fighting
  4991 | D:5      | Found a radiant altar of Vehumet.
  4997 | D:5      | 4997 ||| INVOKING Berserk.
  5123 | D:5      | 5123 ||| INVOKING Berserk.
  5127 | D:5      | Reached XP level 8. HP: 70/70 MP: 7/7
  5403 | D:5      | 5403 ||| READING 2 scrolls labelled OCOYLA BEKOFOB.
  5404 | D:5      | 5404 ||| READING scroll labelled LUMNO LIHYUNKU.
  5405 | D:5      | 5405 ||| DRINKING 2 pink potions.
  5450 | D:5      | 5450 ||| DRINKING 2 green potions.
  5451 | D:5      | 5451 ||| DROPPING potion of lignification.
  5452 | D:5      | 5452 ||| DROPPING scroll of poison.
  5453 | D:5      | 5453 ||| DROPPING potion of attraction.
  5510 | D:6      | 5510 ||| READING scroll of enchant weapon.
  5510 | D:6      | 5510 ||| ENCHANTING +1 hand axe.
  5516 | D:6      | Found a transporter.
  5555 | D:6      | Found a transporter.
  5559 | D:6      | 5559 ||| READING 2 scrolls of identify.
  5559 | D:6      | 5559 ||| IDENTIFYING fuming amethyst potion
  5560 | D:6      | 5560 ||| READING 2 scrolls of teleportation.
  5562 | D:6      | 5562 ||| FLEEEEING.
  5563 | D:6      | 5563 ||| FLEEEEING.
  5574 | D:6      | Reached skill level 11 in Axes
  5594 | D:6      | 5594 ||| Stepping ~*~*~tactically~*~*~ (hiding).
  5614 | D:6      | 5614 ||| FLEEEEING.
  5615 | D:6      | 5615 ||| FLEEEEING.
  5618 | D:6      | 5618 ||| STAIRDANCE
  5675 | D:5      | 5675 ||| DROPPING scarf of harm.
  5859 | D:6      | 5859 ||| FLEEEEING.
  5926 | D:6      | 5926 ||| INVOKING Berserk.
  5940 | D:6      | Reached skill level 12 in Axes
  6509 | D:6      | 6509 ||| READING scroll labelled ISURIZ GEPS.
  6619 | D:7      | Reached skill level 1 in Throwing
  6641 | D:7      | Found a burning altar of Makhleb.
  6641 | D:7      | Found a hide-covered altar of Uskayaw.
  6696 | D:7      | 6696 ||| Stepping ~*~*~tactically~*~*~ (stealth).
  6699 | D:7      | 6699 ||| Stepping ~*~*~tactically~*~*~ (hiding).
  6913 | D:7      | Reached skill level 3 in Armour
  6999 | D:7      | 6999 ||| READING scroll labelled ZANORIBAOS.
  7017 | D:8      | Noticed a cyclops
  7018 | D:8      | 7018 ||| FLEEEEING.
  7020 | D:8      | 7020 ||| STAIRDANCE
  7173 | D:8      | 7173 ||| INVOKING Berserk.
  7180 | D:8      | Killed a cyclops
  7181 | D:8      | Reached XP level 9. HP: 79/79 MP: 8/8
  7409 | D:8      | 7409 ||| INVOKING Berserk.
  7415 | D:8      | Reached skill level 13 in Axes
  7572 | D:8      | Reached skill level 3 in Dodging
  7710 | D:8      | Noticed Psyche
  7712 | D:8      | Paralysed by Psyche for 5 turns
  7723 | D:8      | Killed Psyche
  7853 | D:8      | 7853 ||| Stepping ~*~*~tactically~*~*~ (hiding).
  7866 | D:8      | Reached *** piety under Trog
  7882 | D:8      | 7882 ||| DROPPING +2 vorpal flail.
  7897 | D:8      | 7897 ||| Stepping ~*~*~tactically~*~*~ (stealth).
  7958 | D:8      | 7958 ||| FLEEEEING.
  7959 | D:8      | 7959 ||| FLEEEEING.
  7960 | D:8      | 7960 ||| FLEEEEING.
  7961 | D:8      | 7961 ||| FLEEEEING.
  7963 | D:8      | 7963 ||| FLEEEEING.
  8004 | D:8      | 8004 ||| Stepping ~*~*~tactically~*~*~ (stealth).
  8010 | D:8      | 8010 ||| INVOKING Berserk.
  8043 | D:8      | 8043 ||| FLEEEEING.
  8044 | D:8      | 8044 ||| FLEEEEING.
  8057 | D:8      | 8057 ||| Stepping ~*~*~tactically~*~*~ (hiding).
  8062 | D:8      | 8062 ||| INVOKING Berserk.
  8129 | D:8      | 8129 ||| SWAPPING to +0 war axe.
  8130 | D:8      | 8130 ||| DROPPING +2 hand axe.
  8237 | D:8      | 8237 ||| INVOKING Berserk.
  8248 | D:8      | 8248 ||| DRINKING 5 potions of curing.
  8248 | D:8      | 8248 ||| (to cure confusion)
  8256 | D:8      | Reached skill level 14 in Axes
  8552 | D:8      | 8552 ||| INVOKING Berserk.
  8811 | D:8      | 8811 ||| INVOKING Berserk.
  9084 | D:8      | 9084 ||| UPGRADING to +0 chain mail.
  9094 | D:8      | 9094 ||| DROPPING +0 scale mail.
  9095 | D:8      | 9095 ||| UPGRADING to +0 plate armour.
  9105 | D:8      | 9105 ||| DROPPING +0 chain mail.
  9106 | D:8      | 9106 ||| READING scroll labelled JASONT VUROC.
  9107 | D:8      | 9107 ||| DRINKING 3 orange potions.
  9152 | D:9      | 9152 ||| STAIRDANCE
  9159 | D:8      | 9159 ||| INVOKING Berserk.
  9430 | D:9      | 9430 ||| STAIRDANCE
  9437 | D:8      | Reached XP level 10. HP: 76/90 MP: 9/9
  9541 | D:9      | 9541 ||| FLEEEEING.
  9542 | D:9      | 9542 ||| FLEEEEING.
  9543 | D:9      | 9543 ||| FLEEEEING.
  9544 | D:9      | 9544 ||| FLEEEEING.
  9546 | D:9      | 9546 ||| FLEEEEING.
  9547 | D:9      | 9547 ||| FLEEEEING.
  9548 | D:9      | 9548 ||| FLEEEEING.
  9549 | D:9      | 9549 ||| FLEEEEING.
  9550 | D:9      | 9550 ||| STAIRDANCE
  9667 | D:9      | 9667 ||| STAIRDANCE
  9675 | D:9      | 9675 ||| STAIRDANCE
  9723 | D:9      | Found a white marble altar of Elyvilon.
  9728 | D:9      | 9728 ||| Stepping ~*~*~tactically~*~*~ (stealth).
  9732 | D:9      | 9732 ||| Stepping ~*~*~tactically~*~*~ (stealth).
  9734 | D:9      | 9734 ||| Stepping ~*~*~tactically~*~*~ (stealth).
  9929 | D:9      | 9929 ||| Stepping ~*~*~tactically~*~*~ (stealth).
  9939 | D:9      | Reached **** piety under Trog
  9956 | D:9      | 9956 ||| Stepping ~*~*~tactically~*~*~ (stealth).
  9958 | D:9      | 9958 ||| Stepping ~*~*~tactically~*~*~ (hiding).
  9962 | D:9      | 9962 ||| INVOKING Berserk.
  9964 | D:9      | Reached skill level 6 in Armour
  9971 | D:9      | Reached skill level 15 in Axes
  9985 | D:9      | HP: 21/90 [something/puff of flame (7)]
  9986 | D:9      | 9986 ||| DRINKING 2 potions of heal wounds.
  9999 | D:9      | 9999 ||| Stepping ~*~*~tactically~*~*~ (stealth).
 10003 | D:9      | HP: 12/90 [wyvern (11)]
 10004 | D:9      | 10004 ||| READING 5 scrolls of teleportation.
 10005 | D:9      | 10005 ||| DRINKING potion of heal wounds.
 10007 | D:9      | Reached skill level 9 in Fighting
 10272 | D:9      | 10272 ||| Stepping ~*~*~tactically~*~*~ (stealth).
 10274 | D:9      | 10274 ||| Stepping ~*~*~tactically~*~*~ (hiding).
 10279 | D:9      | 10279 ||| INVOKING Berserk.
 10418 | D:9      | 10418 ||| INVOKING Berserk.
 10428 | D:9      | 10428 ||| DRINKING 7 potions of curing.
 10428 | D:9      | 10428 ||| (to cure confusion)
 10430 | D:9      | 10430 ||| Stepping ~*~*~tactically~*~*~ (stealth).
 10444 | D:9      | HP: 19/91 [yak (13)]
 10444 | D:9      | HP: 9/91 [yak (10)]
 10445 | D:9      | 10445 ||| READING 4 scrolls of teleportation.
 10445 | D:9      | HP: 4/91 [yak (5)]
 10445 | D:9      | Slain by a yak

Levels and vault maps discovered:
D:1:      lightli_iron_boxes, layout_basic, chequers_ecumenical_altar_simple
D:2:      layout_basic, basic_altar, serial_shops, shop,
          mrwooster_statue_mirror, grunt_ministairs_4
D:3:      layout_basic, kennysheep_generic_room_7, uniq_jessica
D:4:      layout_loops_ring, general_overflow_altar, ebering_ghost_inner_flame
D:5:      layout_basic, vehumet_statue, minmay_temple_entry_stoned_glass,
          sigmund_edmund_badplayer
D:6:      gammafunk_steamed_eel, layout_basic
D:7:      layout_rooms, gammafunk_temple_overflow_wave
D:8:      layout_loops_corners, serial_demonic, serial_demonic_g,
          serial_demonic_b, serial_demonic_e, serial_demonic_c, special_room
          [special_room_orc], uniq_psyche
D:9:      layout_basic, mainiacjoe_overflow_small_starburst,
          minmay_lair_entry_grove, eino_small_chamber_without_monster,
          minivault_14

Skill      XL: |  1  2  3  4  5  6  7  8  9 10 |
---------------+-------------------------------+-----
Axes           | 4 5 6 7 9 10 12 14 15 | 15.1
Fighting       | 5 6 7 8 9 |  9.1
Throwing       | 2 |  2.0
Armour         | 3 4 7 |  7.2
Dodging        | 3 |  3.0

Action                   |  1- 3 |  4- 6 |  7- 9 | 10-12 || total
-------------------------+-------+-------+-------+-------++-------
Melee: Hand axe          |   106 |    98 |   200 |       ||   404
       Headbutt          |    14 |    12 |    37 |    14 ||    77
       Punch             |     1 |       |     2 |     1 ||     4
       War axe           |       |       |    47 |    86 ||   133
Throw: Boomerang         |       |       |    30 |    16 ||    46
Invok: Berserk           |       |     8 |    13 |     3 ||    24
  Use: Scroll            |     1 |     5 |     8 |     2 ||    16
       Potion            |     2 |     1 |     4 |     3 ||    10
Armor: Animal skin       |     6 |       |       |       ||     6
       Scale mail        |    12 |    21 |    47 |       ||    80
       Plate armour      |       |       |    27 |    60 ||    87
Dodge: Dodged            |    54 |    32 |    82 |    31 ||   199

Table legend:
 A = Non-vault XP
 B = Vault XP
 C = Vault XP percentage of total XP
 D = Non-vault monster count
 E = Vault monster count
 F = Vault count percentage of total count
                 A         B        C        D         E       F
            +---------+---------+-------+---------+---------+-------
      Total |    5620 |    2472 |  30.5 |     181 |      27 |  13.0
            +---------+---------+-------+---------+---------+-------
        D:1 |      37 |       0 |   0.0 |      23 |       0 |   0.0
        D:2 |      26 |       1 |   3.7 |      15 |       1 |   6.2
        D:3 |     123 |      37 |  23.1 |      17 |       1 |   5.6
        D:4 |     502 |       0 |   0.0 |      21 |       0 |   0.0
        D:5 |     329 |     424 |  56.3 |      14 |       3 |  17.6
        D:6 |     811 |       0 |   0.0 |      12 |       0 |   0.0
        D:7 |     242 |       0 |   0.0 |       9 |       0 |   0.0
        D:8 |    2589 |     565 |  17.9 |      41 |      13 |  24.1
        D:9 |     961 |    1445 |  60.1 |      29 |       9 |  23.7
            +---------+---------+-------+---------+---------+-------
